 Dungeon Crawl Stone Soup version 0.25.1-2-g60ff931df9 (webtiles) character file.

Game seed: 6412478491814367596

218671 Goaboa the Severer (level 18, -38/171 HPs)
             Began as a Hill Orc Fighter on Oct 19, 2020.
             Was an Elder of Beogh.
             Killed from afar by a deep elf death mage (57 damage)
             ... with a bolt of negative energy
             ... on level 3 of the Elven Halls on Oct 28, 2020.
             The game lasted 05:51:39 (46930 turns).

Goaboa the Severer (Hill Orc Fighter)              Turns: 46930, Time: 05:51:44

Health: -38/171    AC: 25    Str: 36    XL:     18   Next: 62%
Magic:  20/30      EV:  9    Int:  8    God:    Beogh [****..]
Gold:   5745       SH: 20    Dex: 12    Spells: 17/17 levels left

rFire    . . .     SeeInvis .   g - +6 broad axe (flame)
rCold    . . .     Gourm    .   c - +5 kite shield
rNeg     . . .     Faith    +   a - +8 chain mail of Life {rPois Str+4}
rPois    +         Spirit   .   D - +2 helmet
rElec    .         Reflect  .   N - +0 cloak {rCorr}
rCorr    +         Harm     .   (no gloves)
MR       +++..                  p - +2 pair of boots
Stlth    ..........             M - amulet of faith
HPRegen  0.38/turn              l - ring of protection from magic
MPRegen  0.22/turn              t - ring "Safaul" {rPois MR+ Str+7}

@: corroded, very slightly contaminated, heavily drained
A: no striking features
}: 2/15 runes: serpentine, barnacled
a: Smiting, Recall Orcish Followers, Renounce Religion


You were on level 3 of the Elven Halls.
You worshipped Beogh.
Beogh was greatly pleased with you.
You were very hungry.

You visited 6 branches of the dungeon, and saw 31 of its levels.
You also visited: Volcano.

You collected 7664 gold pieces.
You spent 1919 gold pieces at shops.

Inventory:

Hand Weapons
 g - a +6 broad axe of flaming (weapon)
 J - a +2 spear of pain
Armour
 a - the +8 chain mail of Life (worn) {rPois Str+4}
   (You found it on level 4 of the Snake Pit)

   It affects your strength (+4).
   It protects you from poison.
 b - the +1 leather armour of Ushyuwum {Dex+4, unknown}
   (You found it on level 2 of the Elven Halls)

   It affects your dexterity (+4).
 c - a +5 kite shield (worn)
 p - a +2 pair of boots (worn)
 D - a +2 helmet (worn)
 N - a +0 cloak of preservation (worn)
Jewellery
 l - a ring of protection from magic (left hand)
 r - the ring "Qoiqoama" {rElec rPois}
   (You found it on level 4 of the Shoals)

   [ring of poison resistance]

   It insulates you from electricity.
   It protects you from poison.
 t - the ring "Safaul" (right hand) {rPois MR+ Str+7}
   (You bought it in a shop on level 2 of the Orcish Mines)

   [ring of protection from magic]

   It affects your strength (+7).
   It protects you from poison.
   It affects your resistance to hostile enchantments.
 v - an uncursed amulet of reflection
 z - an uncursed ring of protection from magic
 F - an uncursed ring of resist corrosion
 G - an uncursed amulet of regeneration
 M - an amulet of faith (around neck)
 Q - an uncursed ring of stealth
 U - an uncursed ring of ice
 X - an uncursed ring of positive energy
Scrolls
 h - 17 scrolls of remove curse
 i - a scroll of blinking
 j - 3 scrolls of magic mapping
 k - a scroll of torment
 q - a scroll of holy word {unknown}
 u - 3 scrolls of amnesia
 w - 10 scrolls of teleportation
 x - 2 scrolls of enchant armour
 y - 2 scrolls of fog
 I - a scroll of summoning {unknown}
 L - 3 scrolls of identify
 V - a scroll of immolation
 W - a scroll of brand weapon {unknown}
Potions
 e - 15 potions of curing
 m - 4 potions of degeneration {unknown}
 n - a potion of flight {unknown}
 o - 6 potions of heal wounds
 s - 4 potions of mutation
 C - 5 potions of brilliance
 E - 3 potions of stabbing
 H - a potion of magic {unknown}
 P - a potion of cancellation
 R - 2 potions of invisibility {unknown}
 S - 3 potions of ambrosia {unknown}
 Y - 2 potions of haste
 Z - 3 potions of lignification {unknown}
Comestibles
 f - 28 rations


   Skills:
 + Level 17.7(15.1) Fighting
 + Level 18.1(15.5) Axes
 + Level 16.3(13.8) Armour
 + Level 16.3(13.8) Shields
 + Level 17.4(14.8) Invocations


You had 17 spell levels left.
You didn't know any spells.
Your spell library contained the following spells:

 Spells                   Type           Power        Failure   Level  Hunger
 Animate Skeleton         Necr           N/A          80%         1    ##.....
 Apportation              Tloc           #.....       80%         1    ##.....
 Corona                   Hex            #......      80%         1    ##.....
 Pain                     Necr           #...         80%         1    ##.....
 Summon Butterflies       Summ           #.......     80%         1    ##.....
 Summon Small Mammal      Summ           #...         80%         1    ##.....
 Lesser Beckoning         Tloc           #.........   99%         3    ####...
 Tukima's Dance           Hex            #.......     99%         3    ####...
 Vampiric Draining        Necr           #.........   99%         3    ####...
 Animate Dead             Necr           N/A          100%        4    #####..
 Iskenderun's Mystic Bla  Conj/Tloc      #.......     100%        4    #####..
 Leda's Liquefaction      Hex/Erth       #.........   100%        4    #####..
 Summon Lightning Spire   Summ/Air       #.......     100%        4    #####..
 Agony                    Necr           #.......     100%        5    ######.
 Alistair's Intoxication  Tmut/Pois      #.......     100%        5    ######.
 Aura of Abjuration       Summ           #.........   100%        5    ######.
 Bolt of Magma            Conj/Fire/Erth #.........   100%        5    ######.
 Invisibility             Hex            #.......     100%        6    #######
 Iron Shot                Conj/Erth      #.........   100%        6    #######
 Statue Form              Tmut/Erth      #........    100%        6    #######
 Malign Gateway           Summ/Tloc      #.........   100%        7    #######
 Shatter                  Erth           #.........   100%        9    #######


Dungeon Overview and Level Annotations

Branches:
Dungeon (12/15)            Temple (0/1) D:6            Lair (6/6) D:8
 Shoals (4/4) Lair:2        Snake (4/4) Lair:2        Slime (0/5) Lair:6
    Orc (2/2) D:11            Elf (3/3) Orc:2       Volcano (visited)

Altars:
Gozag
Hepliaklqana
Okawaru
Ru
Sif Muna
Uskayaw
Vehumet
Zin
The Shining One
Jiyva

Shops:
D:5 (   D:8 :   Orc:2 ?=(}   Elf:2 (   Elf:3 [   Snake:1 :   Snake:2 :![[

Annotations:
D:9 3 runed translucent doors, patan's ghost, novice TrFi
Lair:6 1 runed translucent door
Snake:4 Saint Roka
Elf:2 3 runed translucent doors


Message History

A deep elf annihilator comes into view. It is wielding a +0 long sword.
You slash the deep elf sorcerer!
Flame seeps out of the deep elf sorcerer.
You burn the deep elf sorcerer.
Flame seeps out of the deep elf sorcerer.
The deep elf sorcerer is severely wounded.
You barely miss the deep elf sorcerer.
The deep elf sorcerer is engulfed in blazing flames.
Flame seeps out of the deep elf sorcerer.
You block the deep elf sorcerer's attack.
The deep elf sorcerer points at you and mumbles some strange words.
The bolt of acid hits you. You resist. The acid corrodes you!
You are splashed with acid!
You resist.
* * * LOW HITPOINT WARNING * * *
The ghostly deep elf death mage gestures at you while chanting.
The bolt of negative energy hits you!!
You feel drained.
* * * LOW HITPOINT WARNING * * *
The deep elf death mage points at you and mumbles some strange words.
The bolt of negative energy hits you!!!
You feel drained.
You die...

#..#
.....
...#
..ee
...#
§§ee
...#
#e.#
.).#
#.e#
...#
#ee#
...#
#e2#
..∩#
##ee##
#..#
#@.e.#
####
##ee.#
##.)###
#.§e##
#EEo.#
#.o.##
##..#
#o##
##.#


You could see a hell beast (summoned, inner flame), 2 deep elf master archers, a
deep elf annihilator (empowered), 4 deep elf death magi, a ghostly deep elf
death mage (empowered), 2 deep elf sorcerers, a deep elf demonologist
(empowered), 4 deep elf high priests and the friendly Ugbert the orc warlord
(inner flame, strong).

Vanquished Creatures
  A titan (Shoals:2)
  A kraken (Shoals:1)
  Kirke (Lair:4)
  2 nagarajas
  Roxanne (Elf:1)
  2 frost giants (Shoals:2)
  A deep elf sorcerer (Elf:3)
  A deep elf elementalist (Elf:3)
  Azrael (Orc:2)
  Snorg (Lair:3)
  A merfolk javelineer (Shoals:4)
  2 merfolk impalers
  A deep elf high priest (Elf:3)
  6 naga warriors
  12 anacondas
  3 hydras
  Harold (D:7)
  An alligator snapping turtle (Shoals:4)
  A merfolk avatar (Shoals:3)
  2 two-headed ogres
  2 merfolk aquamancers (Shoals:4)
  5 death yaks (Lair:2)
  2 satyrs (Shoals:3)
  5 dancing weapons
  7 naga sharpshooters
  4 shock serpents
  6 deep elf knights
  3 salamander mystics (Snake:4)
  A hell knight (Volcano)
  Nergalle (D:12)
  7 sea snakes
  4 naga ritualists
  3 deep elf archers (Elf:1)
  2 harpies (Shoals:3)
  3 lindwurms
  An orc knight (Orc:2)
  13 deep elf magi
  5 mana vipers
  3 cyclopes
  4 ugly things
  An oklob plant (Snake:3)
  2 salamanders (Snake:2)
  3 manticores
  8 fauns
  5 guardian serpents
  18 black mambas
  4 merfolk sirens
  6 water nymphs
  Maurice (Orc:2)
  12 naga magi
  16 spiny frogs
  2 centaur skeletons
  8 komodo dragons
  A kobold demonologist (D:12)
  4 rime drakes
  4 trolls
  A polar bear (Lair:5)
  3 tyrant leeches (Lair:6)
  12 merfolk
  10 hippogriffs
  7 snapping turtles
  23 blink frogs
  8 dream sheep
  An air elemental (Elf:2)
  A wyvern (Lair:4)
  19 yaks
  10 water elementals
  2 wraiths (Orc:2)
  4 fire elementals
  4 hogs (Lair:4)
  4 basilisks
  4 vampire mosquitoes (Lair:6)
  3 wargs
  24 nagas
  2 hell hounds (Orc:2)
  7 porcupines
  14 water moccasins
  6 sky beasts
  11 orc warriors
  3 ice beasts
  4 phantoms
  3 black bears
  43 wolves
  5 ogres
  13 centaurs
  10 crocodiles
  A big kobold (D:9)
  20 bullfrogs
  A wyvern zombie (D:5)
  2 gnoll sergeants
  15 killer bees
  9 scorpions
  3 howler monkeys
  4 wights (D:12)
  7 crimson imps
  2 bullfrog zombies
  2 centaur zombies
  4 jellies
  7 orc wizards
  8 hounds
  4 orc priests
  4 iguanas
  2 bullfrog skeletons
  Natasha (D:4)
  6 worker ants
  A hound zombie (D:8)
  A hound skeleton (D:5)
  2 worker ant zombies (D:5)
  14 gnolls
  18 adders
  3 shadow imps
  2 adder skeletons
  An adder zombie (D:5)
  2 worms
  3 dart slugs
  7 leopard geckos
  36 orcs
  16 bats
  4 giant cockroaches
  10 hobgoblins
  7 jackals
  5 quokkas
  A ball python (D:1)
  4 frilled lizards
  10 goblins
  16 kobolds
  3 quokka skeletons
  A quokka zombie (D:5)
  6 rats
  7 fungi
  8 plants
  4 tentacles (Shoals:1)
773 creatures vanquished.

Vanquished Creatures (collateral kills)
  5 nagarajas
  3 deep elf sorcerers
  Aizul (Snake:1)
  10 merfolk javelineers
  Josephine (Orc:2)
  A merfolk impaler (Shoals:1)
  A deep elf high priest (Elf:1)
  14 naga warriors
  An alligator snapping turtle (Shoals:4)
  3 merfolk aquamancers
  A satyr (Shoals:4)
  3 merfolk avatars
  12 anacondas
  7 dancing weapons
  5 naga sharpshooters
  An orc high priest (Elf:2)
  2 deep elf knights (Elf:1)
  7 shock serpents
  5 salamander mystics
  A sea snake (Shoals:4)
  2 lindwurms (Snake:4)
  7 deep elf archers
  3 naga ritualists
  3 orc knights
  17 deep elf magi
  3 harpies (Shoals:3)
  6 cyclopes
  3 manticores (Shoals:4)
  An orc sorcerer (Orc:2)
  A mana viper (Snake:2)
  4 salamanders
  3 fauns
  2 merfolk sirens
  14 naga magi
  16 black mambas
  6 guardian serpents
  2 water nymphs
  9 spiny frogs
  A rime drake (Lair:6)
  2 trolls
  2 tyrant leeches (Lair:6)
  5 merfolk
  4 wind drakes
  11 blink frogs
  2 hippogriffs
  2 snapping turtles (Shoals:4)
  2 wraiths (Orc:2)
  4 water elementals
  2 air elementals (Elf:1)
  2 fire elementals (Orc:2)
  2 yaks (Lair:6)
  A warg (Elf:2)
  2 vampire mosquitoes (Lair:6)
  22 nagas
  15 orc warriors
  A wolf (Lair:6)
  An ogre (Orc:2)
  8 centaurs
  A crocodile (Lair:6)
  6 bullfrogs
  An earth elemental (Elf:2)
  An orc priest (Orc:2)
  2 orc wizards (Orc:2)
  A gnoll (Orc:2)
  9 orcs
  A fungus (Lair:6)
  57 plants
356 creatures vanquished.

Vanquished Creatures (others)
  Saint Roka (Snake:4)
  An orc high priest (Snake:1)
  11 orc knights
  2 orc sorcerers
  A meliai (Snake:1)
  A troll (Orc:2)
  5 orc wizards
  25 orc warriors
  A centaur (Orc:2)
  3 orc priests
  27 orcs
  A giant cockroach (D:6)
  16 fungi
  28 plants
  4 tentacles (Shoals:1)
127 creatures vanquished.

Grand Total: 1256 creatures vanquished

Notes
Turn   | Place    | Note
-------+----------+-------------------------------------------
     0 | D:1      | Goaboa the Hill Orc Fighter began the quest for the Orb.
     0 | D:1      | Reached XP level 1. HP: 19/19 MP: 1/1
   122 | D:1      | Reached skill level 3 in Axes
   122 | D:1      | Reached XP level 2. HP: 27/27 MP: 2/2
   775 | D:1      | Reached XP level 3. HP: 33/33 MP: 3/3
  1056 | D:2      | Noticed an ogre
  1060 | D:2      | Killed an ogre
  1060 | D:2      | Reached skill level 4 in Axes
  1060 | D:2      | Reached XP level 4. HP: 27/41 MP: 4/4
  1067 | D:2      | Reached XP level 5. HP: 32/47 MP: 5/5
  2801 | D:3      | Reached skill level 5 in Fighting
  2801 | D:3      | Reached XP level 6. HP: 43/56 MP: 6/6
  3158 | D:4      | Noticed an orc warrior
  3351 | D:4      | Killed an orc warrior
  3351 | D:4      | Reached skill level 5 in Axes
  3400 | D:4      | Reached skill level 5 in Shields
  3426 | D:4      | Reached skill level 5 in Armour
  3426 | D:4      | Reached XP level 7. HP: 61/61 MP: 7/7
  4025 | D:4      | Noticed Natasha
  4031 | D:4      | Killed Natasha
  4215 | D:5      | Entered Level 5 of the Dungeon
  4291 | D:5      | Reached skill level 6 in Axes
  4397 | D:5      | Reached XP level 8. HP: 71/71 MP: 8/8
  4992 | D:5      | Reached skill level 7 in Axes
  5053 | D:5      | Found a sacrificial altar of Ru.
  5081 | D:5      | Found Meoz Ukuehy's Antique Weapon Emporium.
  5899 | D:6      | Became a worshipper of Beogh the Brigand
  6328 | D:6      | Reached XP level 9. HP: 79/80 MP: 9/9
  6652 | D:6      | Found a staircase to the Ecumenical Temple.
  6657 | D:6      | Reached skill level 8 in Axes
  7318 | D:7      | Reached * piety under Beogh
  7666 | D:7      | Noticed Harold
  7699 | D:7      | Killed Harold
  7699 | D:7      | Reached skill level 9 in Axes
  8123 | D:8      | Reached XP level 10. HP: 85/90 MP: 12/12
  8293 | D:8      | Found Jeblyappia's Book Boutique.
  8548 | D:8      | Reached ** piety under Beogh
  8566 | D:8      | Found a staircase to the Lair.
  9102 | D:9      | Reached skill level 10 in Axes
  9225 | D:9      | Found a runed translucent gate.
  9304 | D:9      | Found a runed translucent gate.
  9305 | D:9      | Found a runed translucent gate.
  9305 | D:9      | Noticed a kobold demonologist
  9305 | D:9      | Noticed patan's ghost (novice TrFi)
  9306 | D:9      | Noticed a kobold demonologist
  9409 | D:9      | Reached skill level 5 in Invocations
  9905 | D:9      | Noticed a two-headed ogre
  9910 | D:9      | Killed a two-headed ogre
  9987 | D:9      | Found a glowing golden altar of the Shining One.
  9987 | D:9      | Found a radiant altar of Vehumet.
  9992 | D:9      | Found an opulent altar of Gozag.
  9994 | D:9      | Found a hide-covered altar of Uskayaw.
  9996 | D:9      | Found a hazy altar of Hepliaklqana.
 10265 | D:9      | Reached skill level 10 in Fighting
 10684 | D:10     | Entered Level 10 of the Dungeon
 10807 | D:10     | Reached XP level 11. HP: 96/99 MP: 15/15
 11159 | D:10     | Noticed a green ugly thing
 11174 | D:10     | Killed a green ugly thing
 11242 | D:10     | Noticed a two-headed ogre
 11250 | D:10     | Killed a two-headed ogre
 11974 | D:11     | Reached skill level 11 in Axes
 12519 | D:11     | Noticed a purple ugly thing
 12543 | D:11     | Killed a purple ugly thing
 13104 | D:11     | Found a staircase to the Orcish Mines.
 13197 | D:11     | Reached skill level 10 in Shields
 13860 | D:12     | Reached skill level 10 in Armour
 13861 | D:12     | Reached *** piety under Beogh
 14308 | D:12     | Noticed Nergalle
 14342 | D:12     | Noticed a cyclops
 14352 | D:12     | Killed Nergalle
 14360 | D:12     | Killed a cyclops
 14799 | D:12     | Reached XP level 12. HP: 31/110 MP: 18/18
 15465 | D:12     | Reached skill level 12 in Axes
 16099 | Lair:1   | Entered Level 1 of the Lair of Beasts
 16100 | Lair:1   | Noticed an eight-headed hydra
 16115 | Lair:1   | Killed an eight-headed hydra
 16709 | Lair:1   | Got an opalescent robe
 16710 | Lair:1   | Identified the +2 robe of Defiance {Int+4 Dex+3 Stlth+}
                  | (You found it on level 1 of the Lair of Beasts)
 18181 | Lair:2   | Noticed a death yak
 18181 | Lair:2   | Noticed a death yak
 18182 | Lair:2   | Noticed a death yak
 18183 | Lair:2   | Noticed a death yak
 18223 | Lair:2   | Noticed a death yak
 18270 | Lair:2   | Killed a death yak
 18648 | Lair:2   | Found a dark tunnel.
 18702 | Volcano  | Entered a volcano
 18718 | Volcano  | Noticed a centaur warrior
 18721 | Volcano  | Found a radiant altar of Vehumet.
 18951 | Lair:2   | Found a staircase to the Snake Pit.
 19189 | Lair:2   | Killed a death yak
 19198 | Lair:2   | Killed a death yak
 19198 | Lair:2   | Reached skill level 10 in Invocations
 19206 | Lair:2   | Killed a death yak
 19214 | Lair:2   | Killed a death yak
 19422 | Lair:2   | Reached XP level 13. HP: 102/118 MP: 20/20
 19583 | Lair:2   | Reached skill level 13 in Axes
 19975 | Lair:2   | Found a staircase to the Shoals.
 21089 | Lair:3   | Noticed Snorg
 21132 | Lair:3   | Killed Snorg
 21893 | Lair:4   | Reached **** piety under Beogh
 22405 | Lair:4   | Noticed Kirke
 22792 | Lair:4   | Killed Kirke
 23439 | Lair:5   | Reached skill level 14 in Axes
 23881 | Lair:5   | Reached ***** piety under Beogh
 23881 | Lair:5   | Reached XP level 14. HP: 114/129 MP: 22/22
 24161 | Lair:5   | Found a glowing silver altar of Zin.
 24253 | Lair:5   | Gained Boghold as an ally
 24828 | Lair:6   | Entered Level 6 of the Lair of Beasts
 24861 | Lair:6   | Found a runed translucent door.
 24861 | Lair:6   | Found a viscous altar of Jiyva.
 24861 | Lair:6   | Found a staircase to the Slime Pits.
 25934 | Lair:6   | Reached ****** piety under Beogh
 27154 | Orc:1    | Entered Level 1 of the Orcish Mines
 27345 | Orc:2    | Entered Level 2 of the Orcish Mines
 27347 | Orc:2    | Noticed Azrael
 27351 | Orc:2    | Killed Azrael
 27351 | Orc:2    | Reached skill level 15 in Axes
 27697 | Orc:2    | Gained Horkud as an ally
 27771 | Orc:2    | Gained Murdo as an ally
 27774 | Orc:2    | Found Radghuv's Jewellery Boutique.
 27774 | Orc:2    | Found Waggion's Antique Weapon Emporium.
 27778 | Orc:2    | Found Letipa's Gadget Shoppe.
 27780 | Orc:2    | Gained Hilgar as an ally
 27781 | Orc:2    | Found Ruruthrau's Magic Scroll Shop.
 27794 | Orc:2    | Noticed Maurice
 27806 | Orc:2    | Killed Maurice
 27809 | Orc:2    | Gained Beowulf as an ally
 27854 | Orc:2    | Bought a scroll of enchant armour for 97 gold pieces
 27854 | Orc:2    | Bought a scroll of teleportation for 39 gold pieces
 27856 | Orc:2    | Bought the ring "Safaul" {rPois MR+ Str+7} for 763 gold
                  | pieces
 28450 | Orc:2    | Noticed Josephine
 28457 | Orc:2    | Killed Josephine
 28457 | Orc:2    | Reached XP level 15. HP: 130/139 MP: 20/24
 28521 | Orc:2    | Found a staircase to the Elven Halls.
 28558 | Elf:1    | Entered Level 1 of the Elven Halls
 28637 | Elf:1    | Noticed a deep elf sorcerer
 28642 | Elf:1    | Killed a deep elf sorcerer
 29394 | Elf:1    | Noticed a deep elf sorcerer
 29398 | Elf:1    | Killed a deep elf sorcerer
 29986 | Elf:1    | Identified Roxanne's Catalogue of the Mountains
 29986 | Elf:1    | Noticed Roxanne
 30007 | Elf:1    | Killed Roxanne
 30008 | Elf:1    | Your ally Beowulf died
 30408 | Elf:1    | Reached skill level 15 in Fighting
 30792 | Snake:1  | Entered Level 1 of the Snake Pit
 30805 | Snake:1  | Your ally Boghold died
 30815 | Snake:1  | Gained Olfik as an ally
 31239 | Snake:1  | Your ally Olfik died
 31284 | Snake:1  | Noticed Aizul
 31288 | Snake:1  | Killed Aizul
 31288 | Snake:1  | Gained Ugbert as an ally
 31362 | Snake:1  | Found Nuaduefoef's Book Emporium.
 31500 | Snake:1  | Your ally Horkud died
 31550 | Snake:1  | Your ally Murdo died
 32040 | Snake:1  | Gained Murdo as an ally
 32666 | Snake:2  | Reached XP level 16. HP: 129/149 MP: 18/26
 32977 | Snake:2  | Gained Bogmar as an ally
 33505 | Snake:2  | Noticed a nagaraja
 33514 | Snake:2  | Killed a nagaraja
 33562 | Snake:2  | Found Citupama's Armour Shoppe.
 33564 | Snake:2  | Found Cenocosaw's Antique Armour Shoppe.
 33564 | Snake:2  | Found Giumpuo's Distillery.
 33574 | Snake:2  | Found Myowizuf's Book Emporium.
 33654 | Snake:2  | Bought a +0 cloak of preservation for 172 gold pieces
 33667 | Snake:2  | Bought a spiked chain mail for 304 gold pieces
 33677 | Snake:2  | Identified the +4 chain mail "Yfijas" {rN+ Dex-4 SInv} (You
                  | bought it in a shop on level 2 of the Snake Pit)
 34161 | Snake:2  | Got a smouldering ring mail
 34171 | Snake:2  | Identified the cursed +1 ring mail "Buemoez" {rPois MR-
                  | Dex+4 Stlth+} (You found it on level 2 of the Snake Pit)
 34297 | Snake:2  | Bought a potion of might for 68 gold pieces
 34297 | Snake:2  | Bought a potion of heal wounds for 85 gold pieces
 34297 | Snake:2  | Bought 2 potions of heal wounds for 170 gold pieces
 34297 | Snake:2  | Bought a potion of heal wounds for 85 gold pieces
 34297 | Snake:2  | Bought a potion of cancellation for 136 gold pieces
 34461 | Snake:3  | Reached skill level 15 in Invocations
 34486 | Snake:3  | Noticed a nagaraja
 34495 | Snake:3  | Killed a nagaraja
 34516 | Snake:3  | Reached skill level 16 in Axes
 35270 | Snake:3  | Found an iron altar of Okawaru.
 35428 | Snake:4  | Entered Level 4 of the Snake Pit
 35483 | Snake:4  | Gained Wargath as an ally
 35925 | Snake:4  | Your ally Hilgar died
 35932 | Snake:4  | Gained Harm as an ally
 36562 | Snake:4  | Noticed a nagaraja
 36578 | Snake:4  | Killed a nagaraja
 36579 | Snake:4  | Your ally Bogmar died
 36585 | Snake:4  | Noticed a nagaraja
 36592 | Snake:4  | Killed a nagaraja
 36592 | Snake:4  | Reached skill level 15 in Shields
 36609 | Snake:4  | Noticed a nagaraja
 36620 | Snake:4  | Killed a nagaraja
 36620 | Snake:4  | Reached skill level 15 in Armour
 36697 | Snake:4  | Your ally Harm died
 37071 | Snake:4  | Noticed a nagaraja
 37071 | Snake:4  | Noticed a nagaraja
 37080 | Snake:4  | Killed a nagaraja
 37080 | Snake:4  | Reached XP level 17. HP: 113/158 MP: 22/28
 37104 | Snake:4  | Your ally Ugbert died
 37524 | Snake:4  | Reached skill level 17 in Axes
 37899 | Snake:4  | Got a serpentine rune of Zot
 38117 | Snake:4  | Noticed Saint Roka
 38130 | Snake:4  | Your ally died
 38230 | Snake:4  | Got a translucent chain mail
 38240 | Snake:4  | Identified the +8 chain mail of Life {rPois Str+4} (You
                  | found it on level 4 of the Snake Pit)
 38484 | Shoals:1 | Entered Level 1 of the Shoals
 39254 | Shoals:1 | Noticed a kraken
 39271 | Shoals:1 | Killed a kraken
 39517 | Shoals:2 | Gained Brunolf as an ally
 39822 | Shoals:2 | Noticed a titan
 39834 | Shoals:2 | Killed a titan
 39842 | Shoals:2 | Your ally Hilgar died
 42044 | Shoals:3 | Reached XP level 18. HP: 159/169 MP: 30/30
 42447 | Shoals:4 | Entered Level 4 of the Shoals
 42627 | Shoals:4 | Gained Hilgar as an ally
 43637 | Shoals:4 | Your ally Wargath died
 44211 | Shoals:4 | Got a slimy bronze ring
 44259 | Shoals:4 | Got a barnacled rune of Zot
 44357 | Shoals:4 | Identified the Papyrus of Unstable Calling
 44944 | Elf:1    | Identified the ring "Qoiqoama" {rElec rPois} (You found it
                  | on level 4 of the Shoals)
 45046 | Elf:1    | Found a shimmering blue altar of Sif Muna.
 45319 | Elf:2    | Your ally Brunolf died
 45326 | Elf:2    | Reached skill level 18 in Axes
 45429 | Elf:2    | Found a runed translucent gate.
 45494 | Elf:2    | Found a runed translucent gate.
 45495 | Elf:2    | Found a runed translucent gate.
 45691 | Elf:2    | Identified a scroll of acquirement
 45691 | Elf:2    | Acquired 4870 gold pieces
 45968 | Elf:2    | Got a masterwork leather armour
 46072 | Elf:2    | Found Fyhuoh's Antique Weapon Emporium.
 46257 | Elf:3    | Entered Level 3 of the Elven Halls
 46292 | Elf:3    | Found Pacumyz's Antique Armour Emporium.
 46919 | Elf:3    | Noticed a deep elf master archer
 46920 | Elf:3    | Noticed a deep elf master archer
 46926 | Elf:3    | Identified the amulet of Doors {Spirit *Slow rElec SInv}
 46930 | Elf:3    | Killed from afar by a deep elf death mage

Illustrated notes

Levels and vault maps discovered:
D:1:      dpeg_arrival_signposts, layout_basic, fountainhead
D:2:      layout_loops_ring, minmay_tetromino_l4
D:3:      minmay_octagon_keep, layout_basic
D:4:      layout_loops_corners, first_ration, uniq_natasha
D:5:      old_forge, layout_basic, nicolae_overflow_crystal_walls,
          serial_undead, serial_undead_d, serial_undead_e, serial_undead_c,
          serial_undead_b, serial_shops, kennysheep_little_box
D:6:      layout_layer_cave, minmay_temple_entry_butterflies,
          corexii_corridor_pit, kennysheep_small_circle
D:7:      layout_rooms, uniq_harold
D:8:      layout_rooms, david_lair_shrubbed, serial_shops, shop, st_stairs_8
D:9:      layout_loops_ring, chequers_temple_overflow_minitemple,
          gammafunk_ghost_nasty_kobolds
D:10:     layout_small_grid
D:11:     layout_irregular_city, david_orc_3
D:12:     layout_roguey, hangedman_fish_farm, uniq_nergalle
Lair:1:   layout_regular_city, grunt_megastairs_2
Lair:2:   layout_gridlike, minmay_shoals_entry_hut, dummy_snake_entry,
          nicolae_volcano_entry_vermiform
Lair:3:   layout_hall_layers, grunt_megastairs_5, lemuel_fruit_fields,
          serial_bayou_shore_b, uniq_snorg
Lair:4:   layout_cave_pods, grunt_forest_large_clearings, uniq_kirke
Lair:5:   layout_big_grid, basic_altar
Lair:6:   minmay_lair_end_frog_pond, layout_layer_cave, slime_altar_2,
          serial_bayou_shore_a
Shoals:1: layout_shoals
Shoals:2: layout_shoals, st_sunken_temple
Shoals:3: layout_shoals
Shoals:4: shoals_end_simple, layout_shoals, ldierk_geyser
Snake:1:  nicolae_snake_hallway, layout_gridlike, serial_shops,
          nicolae_shop_stone, st_stairs_5, nrook_guardian_serpent_ordinary,
          uniq_aizul
Snake:2:  layout_gridlike, grunt_ministairs_6, st_stairs_13, minmay_shoptagon
Snake:3:  layout_concentric_octagons, lemuel_oklob_altar
Snake:4:  snake_pit_salamanders_mu, layout_cave_town, uniq_saint_roka
Orc:1:    layout_diamond_mine
Orc:2:    st_orc_rangers, layout_caves, uniq_azrael, uniq_josephine,
          uniq_maurice
Elf:1:    layout_loops_corners, minmay_elf_crystal_hexagon, st_stairs_12,
          tgw_sif, uniq_roxanne
Elf:2:    layout_loops_cross, serial_shops, nicolae_shop_window_shopping
Elf:3:    minmay_elf_hall_x, layout_geoelf_octagon, serial_shops, shop

Skill      XL: |  1  2  3  4  5  6  7  8  9 10 11 12 13 14 15 16 17 18 |
---------------+-------------------------------------------------------+-----
Axes           | 3 4 5 6 7 9 10 11 12 14 15 16 17 18 | 18.1
Fighting       | 4 5 6 7 8 10 11 12 13 14 15 16 17 | 17.7
Armour         | 4 5 6 8 9 10 11 12 13 14 15 16 | 16.3
Shields        | 4 5 7 8 9 10 11 12 13 14 15 16 | 16.3
Invocations    | 2 5 8 10 11 13 14 15 16 17 | 17.4

Action                   |  1- 3 |  4- 6 |  7- 9 | 10-12 | 13-15 | 16-18 || total
-------------------------+-------+-------+-------+-------+-------+-------++-------
Melee: War axe           |    99 |   187 |       |       |       |       ||   286
       Mace              |       |    19 |   469 |  1125 |    15 |       ||  1628
       Broad axe         |       |       |       |    37 |   844 |   659 ||  1540
Invok: Convert to Beogh  |       |       |     1 |       |       |       ||     1
       Smiting           |       |       |       |    19 |    14 |    25 ||    58
       Recall Orcish Fol |       |       |       |       |     5 |    17 ||    22
       Give Item to Name |       |       |       |       |     8 |     5 ||    13
       Resurrection      |       |       |       |       |     1 |     2 ||     3
Evoke: Wand              |       |       |       |     2 |       |       ||     2
       Phantom mirror    |       |       |       |     1 |       |       ||     1
  Use: Potion            |     1 |     1 |     3 |     5 |     4 |     7 ||    21
       Scroll            |       |       |     4 |    21 |    13 |    20 ||    58
 Stab: Held in net/web   |       |       |     1 |       |       |       ||     1
       Distracted        |       |       |       |       |     5 |     4 ||     9
       Paralysed         |       |       |       |       |     1 |     1 ||     2
  Eat: Chunk             |     1 |     7 |    12 |     7 |    16 |    20 ||    63
       Ration            |       |       |     2 |     8 |     8 |     8 ||    26
Armor: Scale mail        |    56 |   113 |   185 |   598 |   357 |    24 ||  1333
       Plate armour      |       |       |    15 |       |       |       ||    15
       Chain mail        |       |       |       |       |       |   248 ||   248
Dodge: Dodged            |    27 |    66 |    97 |   363 |   272 |   133 ||   958
Block: Kite shield       |    57 |   117 |   305 |   745 |   839 |   626 ||  2689
